 Dungeon Crawl Stone Soup version 0.25.0-10-g039870ee82 (webtiles) character file.

Game seed: 13875901165317159088

300 Aviak the Skirmisher (level 6, -10/49 (52) HPs)
             Began as a Ghoul Earth Elementalist on June 23, 2020.
             Mangled by an ogre
             ... wielding a +0 giant club
              (12 damage)
             ... on level 4 of the Dungeon.
             The game lasted 00:05:55 (4971 turns).

Aviak the Skirmisher (Ghoul Earth Elementalist)     Turns: 4971, Time: 00:05:56

HP:   -10/49 (52)   AC:  6    Str: 12 (14) XL:     6   Next: 36%
MP:   7/7           EV: 11    Int: 10      God:
Gold: 192           SH:  0    Dex:  9      Spells: 7/8 levels left

rFire    . . .     SeeInvis .     - Unarmed
rCold    + . .     Gourm    .   (no shield)
rNeg     + + +     Faith    .   h - +0 ring mail
rPois    ∞         Spirit   .   (no helmet)
rElec    .         Reflect  .   (no cloak)
rCorr    .         Harm     .   (no gloves)
MR       .....                  p - +0 pair of boots
Stlth    +.........             (no amulet)
HPRegen  0.00/turn              n - ring of wizardry
MPRegen  0.10/turn              (no ring)

@: rotting
A: rotting body, claws 1, carnivore, cold resistance 1, negative energy
resistance 3, inhibited regeneration, torment resistance, unbreathing
a: no special abilities


You were on level 4 of the Dungeon.
You were near starving.

You visited 2 branches of the dungeon, and saw 5 of its levels.

You collected 192 gold pieces.

Inventory:

Missiles
 b - 51 stones (quivered)
Armour
 g - a +0 leather armour
 h - a +0 ring mail (worn)
 m - a +0 robe
 p - a +0 pair of boots (worn)
Jewellery
 n - a ring of wizardry (left claw)
 o - a cursed -4 ring of dexterity {unknown}
Scrolls
 a - a scroll of amnesia
 f - a scroll of identify {unknown}
 i - a scroll of enchant weapon {unknown}
 j - 7 scrolls of remove curse {unknown}
 k - 2 scrolls of magic mapping {unknown}
Potions
 c - 2 potions of curing
 e - a potion of brilliance
 l - a potion of flight
Comestibles
 d - 9 rations


   Skills:
 + Level 3.7 Fighting
 + Level 3.6 Dodging
 - Level 2.1 Stealth
 + Level 3.6 Unarmed Combat
 - Level 1.7 Spellcasting
   Level 0.8 Transmutations
 - Level 3.2 Earth Magic


You had 7 spell levels left.
You knew the following spells:

 Your Spells              Type           Power        Failure   Level  Hunger
a - Sandblast             Erth           #.....       8%          1    ##.....

Your spell library contained the following spells:

 Spells                   Type           Power        Failure   Level  Hunger
 Passwall                 Tmut/Erth      #.......     19%         2    ###....
 Stone Arrow              Conj/Erth      #.....       38%         3    ####...
 Petrify                  Tmut/Erth      #.......     73%         4    #####..
 Lee's Rapid Deconstruct  Erth           #.........   88%         5    ######.


Dungeon Overview and Level Annotations

Branches:
Dungeon (4/15)             Temple (1/1) D:4

Altars:
Ashenzari
Cheibriados
Dithmenos
Elyvilon
Gozag
Makhleb
Qazlal
Ru
Sif Muna
Uskayaw
Vehumet
Wu Jian
Xom
Yredelemnul
The Shining One
Jiyva

Annotations:
D:2 Sigmund


Innate Abilities, Weirdness & Mutations

Your body is rotting away.
You thrive on raw meat.
You are immune to poison.
You have sharp fingernails.
You are carnivorous and can eat meat at any time.
Your flesh is cold resistant. (rC+)
You are immune to negative energy. (rN+++)
You do not regenerate when monsters are visible.
You are immune to unholy pain and torment.
You can survive without breathing.


Message History

The orc throws a boomerang.
The boomerang barely misses you.
The weapon returns to the orc!
The orc throws a boomerang.
The boomerang barely misses you.
The weapon returns to the orc!
The orc throws a boomerang.
The boomerang completely misses you.
The weapon returns to the orc!
The orc closely misses you.
The orc throws a boomerang.
The boomerang barely misses you.
The weapon returns to the orc!
The orc barely misses you.
The orc throws a boomerang.
The boomerang misses you.
The weapon returns to the orc!
Okay, then.
Okay, then.
You are near starving!
As you read the scroll labeled KICRYT BAZEMEOSA, it crumbles to dust.
It is a scroll of amnesia.
Really abort (and waste the scroll)?
Okay, then.
The ogre hits you with a +0 giant club!
You die...

#.# #############
#.# ............#
#.#
......#####.####.#
........o........#
........#####'#..#
........'.....#.o#
......###.###.##O#
......###.# #.##@#
####....#.# #.##.#
#.##....#.. ..+..#
#.#.....#+#####..#
..#.......#.#....#
#)................
..#.######.......#
#...# #.####...
.o#.### #....# #.


You could see an ogre and an orc.

Vanquished Creatures
  A phantom (D:4)
  A scorpion (D:4)
  A gnoll (D:1)
  8 adders
  A dart slug (D:3)
  5 orcs (D:3)
  2 giant cockroaches
  13 goblins
  7 hobgoblins
  4 jackals (D:2)
  2 ball pythons (D:1)
  7 bats
  4 frilled lizards
  7 kobolds
  14 rats
77 creatures vanquished.

Notes
Turn   | Place    | Note
-------+----------+-------------------------------------------
     0 | D:1      | Aviak the Ghoul Earth Elementalist began the quest for the
                  | Orb.
     0 | D:1      | Reached XP level 1. HP: 14/14 MP: 2/2
    38 | D:1      | Noticed a jelly
    42 | D:1      | Found a viscous altar of Jiyva.
    42 | D:1      | Noticed a jelly
    42 | D:1      | Noticed a jelly
    43 | D:1      | Noticed a jelly
    45 | D:1      | Noticed a jelly
    45 | D:1      | Noticed a jelly
   201 | D:1      | Reached XP level 2. HP: 13/22 MP: 3/3
   399 | D:1      | Reached skill level 1 in Fighting
   399 | D:1      | Reached skill level 1 in Unarmed Combat
  1098 | D:1      | Reached XP level 3. HP: 6/28 MP: 0/4
  2193 | D:2      | Reached XP level 4. HP: 27/35 MP: 0/5
  2409 | D:2      | Noticed Sigmund
  2953 | D:3      | Reached XP level 5. HP: 29/42 MP: 6/6
  3071 | D:3      | Found a hide-covered altar of Uskayaw.
  3071 | D:3      | Found a glowing golden altar of the Shining One.
  3082 | D:3      | Found a basalt altar of Yredelemnul.
  4622 | D:4      | Noticed a phantom
  4629 | D:4      | Found a staircase to the Ecumenical Temple.
  4638 | Temple   | Entered the Ecumenical Temple
  4668 | D:4      | Killed a phantom
  4668 | D:4      | Reached XP level 6. HP: 23/52 MP: 7/7
  4940 | D:4      | HP: 2/49 [ogre/+0 giant club (23)]
  4971 | D:4      | Mangled by an ogre

Illustrated notes

Levels and vault maps discovered:
D:1:      erik_arrival_cave_to_civilisation [erik_arrival_cave_to_temple],
          layout_loops_corners, grunt_decor_mini_mirrors
D:2:      layout_rooms, uniq_sigmund
D:3:      layout_basic, chequers_temple_overflow_statue_of_worship,
          first_ration, kennysheep_minor_cross
D:4:      layout_basic, grunt_temple_overflow_growth_and_decay,
          minmay_temple_entry_slanted, minmay_misc_feat_encased
Temple:   nicolae_temple_no_exploring_needed

Skill      XL: |  1  2  3  4  5 |
---------------+----------------+-----
Dodging        | 2 3 |  3.6
Fighting       | 1 2 3 |  3.7
Unarmed Combat | 1 2 3 |  3.6
Stealth        | |  2.1
Spellcasting   | |  1.7
Transmutations | |  0.8
Earth Magic    | |  3.2

Action                   |  1- 3 |  4- 6 || total
-------------------------+-------+-------++-------
Melee: Unarmed           |    90 |   210 ||   300
       Punch             |       |     3 ||     3
 Cast: Sandblast         |    26 |    19 ||    45
  Use: Potion            |       |     4 ||     4
       Scroll            |       |     1 ||     1
 Stab: Sleeping          |     1 |     1 ||     2
  Eat: Chunk             |     8 |     5 ||    13
Armor: Robe              |     8 |       ||     8
       Ring mail         |    39 |    65 ||   104
Dodge: Dodged            |    85 |   123 ||   208
